 Dungeon Crawl Stone Soup version 0.26-a0-712-ga5a9c9c9d0 (webtiles) character file.

Game seed: 10942537754463901873

445 karrick the Chopper (level 6, -2/47 HPs)
             Began as a Demonspawn Gladiator on Nov 1, 2020.
             Slain by a bullfrog zombie (3 damage)
             ... on level 5 of the Dungeon on Nov 4, 2020.
             The game lasted 00:07:58 (4230 turns).

karrick the Chopper (Demonspawn Gladiator)          Turns: 4230, Time: 00:07:59

Health: -2/47      AC:  8    Str: 15    XL:     6   Next: 72%
Magic:  6/6        EV: 13    Int: 17    God:
Gold:   192        SH:  0    Dex: 14    Spells: 5/5 levels left

rFire    . . .     SeeInvis .   a - +0 war axe
rCold    . . .     Faith    .   (no shield)
rNeg     . . .     Spirit   .   b - +0 leather armour
rPois    +         Reflect  .   c - +0 helmet
rElec    .         Harm     .   v - +0 cloak
rCorr    .         Rampage  .   (no gloves)
MR       .....                  (no boots)
Stlth    ++........             (no amulet)
HPRegen  0.15/turn              e - ring of poison resistance
MPRegen  0.10/turn              f - +6 ring of intelligence

@: slowed, very slow
A: molten scales 2, demonic guardian 1, rot immunity
a: no special abilities


You were on level 5 of the Dungeon.
You visited 1 branch of the dungeon, and saw 5 of its levels.

You collected 192 gold pieces.

Inventory:

Hand Weapons
 a - a +0 war axe (weapon)
 u - a +3 quarterstaff of chaos
 w - a +2 mace of draining
Missiles
 d - 4 throwing nets (quivered)
Armour
 b - a +0 leather armour (worn)
 c - a +0 helmet (worn)
 v - a +0 cloak (worn)
 x - a +2 hat
 A - a +1 ring mail of magic resistance
Jewellery
 e - a ring of poison resistance (left hand)
 f - a +6 ring of intelligence (right hand)
Wands
 r - a wand of flame (19)
 s - a wand of iceblast (3)
Scrolls
 g - a scroll of random uselessness {unknown}
 h - 4 scrolls of teleportation {unknown}
 l - a scroll of noise {unknown}
 m - a scroll of amnesia {unknown}
 o - 2 scrolls of identify {unknown}
 q - a scroll of magic mapping {unknown}
 y - a scroll of enchant armour {unknown}
Potions
 i - 3 potions of curing {unknown}
 j - 2 potions of stabbing {unknown}
 k - a potion of mutation {unknown}
 n - a potion of heal wounds {unknown}
 p - 3 potions of flight {unknown}
 t - a potion of lignification {unknown}
 z - a potion of brilliance {unknown}


   Skills:
 + Level 3.2 Fighting
 + Level 5.3 Axes
 + Level 2.1 Throwing
 + Level 1.7 Armour
 + Level 3.5 Dodging
 + Level 1.4 Stealth


You had 5 spell levels left.
You didn't know any spells.
Your spell library contained the following spells:

 Spells                   Type           Power        Failure   Level
 Lesser Beckoning         Tloc           #.........   65%         3
 Summon Ice Beast         Ice/Summ       #.......     96%         4
 Dispersal                Tloc           #.........   100%        6
 Ozocubu's Refrigeration  Ice            #.........   100%        6


Dungeon Overview and Level Annotations

Branches:
Dungeon (5/15)
 Temple: D:4-7

Altars:
Hepliaklqana
Nemelex Xobeh
Vehumet


Innate Abilities, Weirdness & Mutations

You are mostly covered in molten scales. (AC +3)
A weak demonic guardian rushes to your aid.
You are immune to rotting.


Message History

You are too injured to fight recklessly!
Unknown command.
You hit the centaur but do no damage.
The centaur is severely wounded.
You closely miss the bullfrog zombie. The centaur misses you.
The bullfrog zombie misses you. The centaur hits you.
* * * LOW HITPOINT WARNING * * *
Your iron imp hits the bullfrog zombie!
The bullfrog zombie hits your iron imp but does no damage.
Your leather armour prevents you from hitting the centaur.
The centaur is severely wounded.
You hit the bullfrog zombie. The centaur misses you.
The bullfrog zombie hits you but does no damage.
The orc wizard casts a spell at you. The magic dart hits you.
* * * LOW HITPOINT WARNING * * *
The centaur closely misses you.
Your iron imp completely misses the bullfrog zombie.
The bullfrog zombie hits you.
You die...

..........##.#.....#..
..###.................
........†....###....##
..............#......#
..........#........... .
....#.....#........# ..#
...........(<...o..#....
.......##........Z.....#
........#.......@5....#
#.............##†c...##
<......#.....###.....#
............# .......
.......##... .......
....##. ##... ##.#...
... .. ..#.. .#... .. ..


You could see a centaur, an orc wizard (fast), a bullfrog zombie and a friendly
iron imp (summoned).

Vanquished Creatures
  A water moccasin zombie (D:5)
  A howler monkey (D:4)
  Crazy Yiuf (D:3)
  An orc priest (D:5)
  Jessica (D:3)
  2 worker ants
  A howler monkey zombie (D:5)
  3 gnolls (D:4)
  5 adders
  2 oozes (D:2)
  2 worms (D:2)
  3 dart slugs
  3 leopard geckos (D:1)
  9 orcs
  A ball python (D:3)
  4 giant cockroaches (D:3)
  5 goblins
  7 hobgoblins
  9 jackals
  4 quokkas
  7 bats
  2 frilled lizards
  6 kobolds
  A leopard gecko skeleton (D:4)
  4 rats
85 creatures vanquished.

Vanquished Creatures (collateral kills)
  A hound (D:4)
  An adder (D:2)
  A gnoll (D:4)
  An orc (D:5)
  A jackal (D:4)
5 creatures vanquished.

Vanquished Creatures (others)
  Ijyb (D:3)
1 creature vanquished.

Grand Total: 91 creatures vanquished

Notes
Turn   | Place    | Note
-------+----------+-------------------------------------------
     0 | D:1      | karrick the Demonspawn Gladiator began the quest for the
                  | Orb.
     0 | D:1      | Reached XP level 1. HP: 16/16 MP: 1/1
   356 | D:1      | Reached skill level 3 in Axes
   367 | D:1      | Gained mutation: A weak demonic guardian rushes to your
                  | aid. [demonic ancestry]
   367 | D:1      | Reached XP level 2. HP: 15/22 MP: 2/2
  1361 | D:2      | Gained mutation: You are partially covered in molten
                  | scales. (AC +2) [demonic ancestry]
  1361 | D:2      | Reached XP level 3. HP: 22/27 MP: 3/3
  1609 | D:2      | Found a sparkling altar of Nemelex Xobeh.
  1704 | D:2      | Reached XP level 4. HP: 34/34 MP: 4/4
  1872 | D:2      | Reached skill level 1 in Armour
  1878 | D:2      | Found a hazy altar of Hepliaklqana.
  2285 | D:3      | Reached skill level 4 in Axes
  2559 | D:3      | Noticed Ijyb
  2566 | D:3      | Killed Ijyb
  2981 | D:3      | Gained mutation: You are mostly covered in molten scales.
                  | (AC +3) [demonic ancestry]
  2981 | D:3      | Reached XP level 5. HP: 39/39 MP: 5/5
  3033 | D:3      | Noticed Jessica
  3043 | D:3      | Killed Jessica
  3209 | D:3      | Found a runed translucent door.
  3210 | D:3      | Noticed Crazy Yiuf
  3337 | D:3      | Killed Crazy Yiuf
  3421 | D:4      | Reached skill level 1 in Stealth
  3669 | D:4      | Gained mutation: You are immune to rotting. [demonic
                  | ancestry]
  3669 | D:4      | Reached XP level 6. HP: 46/46 MP: 6/6
  3860 | D:4      | Found a radiant altar of Vehumet.
  4098 | D:5      | Entered Level 5 of the Dungeon
  4115 | D:5      | Reached skill level 5 in Axes
  4156 | D:5      | Identified the Incunabulum of Warped Cold
  4230 | D:5      | HP: 1/47 [orc wizard/magic dart (4)]
  4230 | D:5      | Slain by a bullfrog zombie

Illustrated notes

Levels and vault maps discovered:
D:1:      ncdulo_wetmaze, layout_loops_ring, minmay_pentomino_s2
D:2:      layout_rooms, old_standard_altar, nemelex_dance_club_becter
D:3:      layout_loops_corners, uniq_jessica, uniq_crazy_yiuf_cottage, uniq_ijyb
D:4:      layout_rooms, vehumet_crystals, minmay_temple_entry_from_below_a
D:5:      layout_cave_pools, minmay_mini_ossuary

Skill      XL: |  1  2  3  4  5  6 |
---------------+-------------------+-----
Axes           | 3 4 5 |  5.3
Throwing       | 2 |  2.1
Dodging        | 3 |  3.5
Armour         | 1 |  1.7
Stealth        | 1 |  1.4
Fighting       | 3 |  3.2

Action                   |  1- 3 |  4- 6 || total
-------------------------+-------+-------++-------
Melee: War axe           |    99 |   175 ||   274
  Use: Potion            |     1 |       ||     1
 Stab: Sleeping          |       |     4 ||     4
       Distracted        |       |     1 ||     1
Armor: Leather armour    |    36 |    75 ||   111
Dodge: Dodged            |    89 |   165 ||   254

Table legend: (Time is in decaauts)
 A = Elapsed time spent in this place.
 B = Non-inter-level travel time spent in this place.
 C = Inter-level travel time spent in this place.
 D = Time resting spent in this place.
 E = Time spent auto-exploring this place.
 F = Levels seen in this place.
 G = Mean time per level.
                   A        B        C        D        E       F      G
               +--------+--------+--------+--------+--------+-----+--------+
         Total |   4319 |   4221 |     98 |    358 |   3161 |   5 |  863.8 |
       Dungeon |   4319 |   4221 |     98 |    358 |   3161 |   5 |  863.8 |
               +--------+--------+--------+--------+--------+-----+--------+

Top non-repeatable levels by time:
     D:3: 1295 daAuts
     D:2: 1235 daAuts
     D:1: 954 daAuts
     D:4: 689 daAuts
     D:5: 144 daAuts
